 Dungeon Crawl Stone Soup version 0.20-a0-675-gf8c7c87 (webtiles) character file.

2437 Amciq the Protected (level 9, -7/81 HPs)
             Began as a Minotaur Fighter on Feb 18, 2017.
             Was a Believer of Ashenzari.
             Mangled by PurpleRed's ghost (21 damage)
             ... in a bailey.
             The game lasted 00:29:26 (5536 turns).

Amciq the Protected (Minotaur Fighter)              Turns: 5536, Time: 00:29:26

Health: -7/81      AC:  8    Str: 23    XL:     9   Next: 25%
Magic:  8/8        EV: 10    Int:  5    God:    Ashenzari [**....]
Gold:   332        SH: 13    Dex: 11    Spells: 8/8 levels left

rFire    + . .     SeeInvis .   B - +2 whip (freeze) (curse)
rCold    . . .     Gourm    .   w - +0 ring mail (curse)
rNeg     . . .     Faith    .   c - +1 shield (curse)
rPois    .         Spirit   .   (helmet restricted)
rElec    .         Reflect  .   (no cloak)
rCorr    .         Harm     .   m - +0 pair of gloves
MR       .....     Rnd*Tele +   (no boots)
Stlth    +.........             (no amulet)
Regen    0.3/turn               u - ring of teleportation (curse)
MPRegen  0.2/turn               n - ring of protection from fire (curse)

@: no status effects
A: retaliatory headbutt, horns 2
a: Curse Item, Scrying, Renounce Religion


You were in a bailey.
You worshipped Ashenzari.
Ashenzari was pleased with you.
You were hungry.

You visited 1 branch of the dungeon, and saw 7 of its levels.
You also visited: Sewer and Bailey.

You collected 332 gold pieces.

Inventory:

Hand Weapons
 B - a cursed +2 whip of freezing (weapon)
Armour
 c - a cursed +1 shield (worn)
 m - a +0 pair of gloves (worn)
 w - a cursed +0 ring mail (worn)
Jewellery
 n - a cursed ring of protection from fire (left hand)
 u - a cursed ring of teleportation (right hand)
Wands
 q - a wand of disintegration (15/24)
 y - a wand of acid (9/15)
Scrolls
 a - 2 scrolls of identify
 b - a scroll of random uselessness {unknown}
 d - 2 scrolls of blinking
 e - 2 scrolls of enchant armour
 k - 2 scrolls of teleportation
 l - a scroll of recharging
 o - a scroll of magic mapping {unknown}
 s - 2 scrolls of fog {unknown}
Potions
 j - 2 potions of flight
 p - a potion of mutation {unknown}
 r - a potion of agility {unknown}
 t - 2 potions of magic {unknown}
 z - a potion of cancellation
Comestibles
 f - 5 bread rations
 g - a fruit
 h - 6 meat rations
 i - 3 royal jellies


   Skills:
 * Level 8.1 Fighting
 * Level 7.8(10.1) Maces & Flails
 * Level 8.4 Armour
 + Level 1.8 Dodging
 * Level 8.1(9.6) Shields


You had 8 spell levels left.
You didn't know any spells.

Dungeon Overview and Level Annotations

Branches:
Dungeon (7/15)             Temple (0/1) D:5

Altars:
Ashenzari
Dithmenos
Kikubaaqudgha
Qazlal
Ru
Trog
Vehumet
Yredelemnul

Annotations:
Bailey 3 runed doors, PurpleRed's ghost, novice MiFi


Innate Abilities, Weirdness & Mutations

You reflexively headbutt those who attack you in melee.
You have a pair of horns on your head.


Message History

You whack the gnoll! You freeze the gnoll.
You kill the gnoll!
The kobold throws a tomahawk of returning.
You block the tomahawk of returning.
The weapon returns to the kobold!
The kobold throws a tomahawk of returning.
The tomahawk of returning barely misses you.
The weapon returns to the kobold!
The kobold throws a tomahawk of returning.
The tomahawk of returning barely misses you.
The weapon returns to the kobold!
You block the kobold's attack.
PurpleRed's ghost whispers, "There is no future for you."
You see here 3 tomahawks of returning.
You completely miss the kobold. Your headbutt misses the kobold.
You hit the kobold. You freeze the kobold.
You kill the kobold!
You hit PurpleRed's ghost but do no damage.
You headbutt PurpleRed's ghost, but do no damage.
You hit PurpleRed's ghost but do no damage.
Your headbutt misses PurpleRed's ghost. PurpleRed's ghost hits you!!
You die...

.#≈........?≈#....##....♣♣##
.##≈8.8...8.8##....#.....♣♣##
.+≈≈.........#.....'......♣##
.+≈≈....∩....#...K.'...∩.∩♣##
.+≈≈.........#..g..'......♣##
.##≈8.8...8.8##.K(.#.....♣♣##
..#≈.o......?≈#....##....♣♣##
..#≈≈#≈..o..|≈#.W...##...♣♣##
..####≈≈≈#≈≈≈##)@....##≈≈♣♣##
....K#########.(......#≈≈♣♣##
.((..'(.g(((....8..8..#≈≈♣♣##
(....#≈≈≈≈≈#..........#≈≈♣♣##
)8...#≈≈≈≈≈#.........##≈≈♣♣##
)...##≈≈≈≈≈##...8...##≈≈≈♣♣##
...##....KK.##.....##≈≈≈♣♣
..##..K......##...##
###♣♣♣.....♣♣♣ ####


You could see PurpleRed's ghost, a hobgoblin and 2 kobolds.

Vanquished Creatures
  Pikel (D:6)
  The ghost of naivE the Chopper, an amateur HOMo (D:6)
  2 sky beasts (D:5)
  A slave (D:6)
  An ice beast (D:6)
  2 orc warriors
  2 phantoms
  The ghost of Zyrax the Sneak, an amateur SpEn (D:3)
  3 bullfrogs
  A scorpion (D:4)
  4 howler monkeys
  2 crimson imps (D:6)
  An orc priest (D:4)
  3 hounds
  2 orc wizards (D:3)
  An iguana (D:6)
  6 worker ants
  A hound skeleton (D:5)
  5 gnolls
  13 adders
  A shadow imp (D:5)
  An ooze (D:3)
  An adder zombie (D:5)
  4 worms
  5 dart slugs
  8 leopard geckos
  16 orcs
  2 ball pythons (D:1)
  11 giant cockroaches
  11 goblins
  7 hobgoblins
  15 jackals
  3 quokkas
  5 bats
  10 frilled lizards
  6 kobolds
  6 rats
165 creatures vanquished.

Notes
Turn   | Place    | Note
-------+----------+-------------------------------------------
     0 | D:1      | Amciq the Minotaur Fighter began the quest for the Orb.
     0 | D:1      | Reached XP level 1. HP: 19/19 MP: 0/0
    64 | D:1      | Reached XP level 2. HP: 27/27 MP: 1/1
   377 | D:1      | Reached XP level 3. HP: 33/33 MP: 2/2
   673 | D:2      | Found a shadowy altar of Dithmenos.
  1409 | D:2      | Reached XP level 4. HP: 37/40 MP: 3/3
  1765 | D:3      | Reached XP level 5. HP: 43/47 MP: 4/4
  1837 | D:3      | Found a sacrificial altar of Ru.
  1888 | D:3      | Found a shattered altar of Ashenzari.
  1953 | D:3      | Became a worshipper of Ashenzari the Shackled
  2132 | D:3      | Noticed Zyrax's ghost (amateur SpEn)
  2213 | D:3      | Killed Zyrax's ghost
  2213 | D:3      | Reached skill level 5 in Armour
  2287 | D:3      | Reached skill level 5 in Fighting
  2318 | D:3      | Reached skill level 5 in Shields
  2318 | D:3      | Reached XP level 6. HP: 26/56 MP: 5/5
  2539 | D:3      | Found an ancient bone altar of Kikubaaqudgha.
  2805 | D:3      | Found a stormy altar of Qazlal.
  3405 | D:4      | Reached * piety under Ashenzari
  3423 | D:4      | Reached XP level 7. HP: 60/61 MP: 6/6
  3557 | D:5      | Entered Level 5 of the Dungeon
  3559 | D:5      | Reached skill level 5 in Maces & Flails
  3707 | D:5      | Found a glowing drain.
  3714 | Sewer    | Entered a sewer
  3998 | D:5      | Found a staircase to the Ecumenical Temple.
  4180 | D:5      | Reached XP level 8. HP: 64/71 MP: 7/7
  4237 | D:5      | Found a radiant altar of Vehumet.
  4237 | D:5      | Found a bloodstained altar of Trog.
  4732 | D:6      | Found a basalt altar of Yredelemnul.
  4769 | D:6      | Noticed naivE's ghost (amateur HOMo)
  4778 | D:6      | Killed naivE's ghost
  5032 | D:6      | Noticed Pikel
  5052 | D:6      | Killed Pikel
  5052 | D:6      | Reached skill level 1 in Dodging
  5052 | D:6      | Reached XP level 9. HP: 80/80 MP: 8/8
  5215 | D:6      | Reached ** piety under Ashenzari
  5393 | D:7      | Found a flagged portal.
  5404 | Bailey   | Entered a bailey
  5409 | Bailey   | Noticed an orc warlord
  5459 | Bailey   | Found a runed gate.
  5465 | Bailey   | Found a runed gate.
  5467 | Bailey   | Found a runed gate.
  5481 | Bailey   | HP: 4/81 [orc warrior/hand axe (29)]
  5524 | Bailey   | Noticed PurpleRed's ghost (novice MiFi)
  5536 | Bailey   | Mangled by PurpleRed's ghost

Vault maps used:
D:1:      doesnt_arrival_eight_statues
D:2:      overflow_temple_1_default, st_stairs_9
D:3:      kiku_gazebo_garden_becter, overflow_temple_1_default,
          nicolae_qazlal_general_emergency, marbit_many_paths, first_bread
D:5:      gammafunk_temple_overflow_wave, minmay_temple_entry_statues_pillars,
          lightli_sewer_entry_pipes, chequers_big_river
D:6:      overflow_temple_1_default, uniq_pikel
D:7:      grunt_gozag_statues, enter_bailey_3, uniq_duvessa
Sewer:    sewer_frog_island_01
Bailey:   bailey_axe_bossmonster_kennysheep, bailey

Skill      XL: |  1  2  3  4  5  6  7  8  9 |
---------------+----------------------------+-----
Armour         | 4 5 6 8 |  8.4
Maces & Flails | 3 4 6 7 |  7.8
Fighting       | 4 5 6 7 8 |  8.1
Shields        | 4 5 6 7 8 |  8.1
Dodging        | 1 |  1.8

Action                   |  1- 3 |  4- 6 |  7- 9 || total
-------------------------+-------+-------+-------++-------
Melee: Flail             |    71 |       |    96 ||   167
       Headbutt          |     9 |    37 |    55 ||   101
       Whip              |    38 |   226 |   215 ||   479
Invok: Curse Item        |       |     1 |     2 ||     3
       Scrying           |       |       |     2 ||     2
  Use: Scroll            |     5 |     2 |     2 ||     9
       Potion            |     5 |     4 |     1 ||    10
 Stab: Invisible         |       |     1 |       ||     1
  Eat: Chunk             |     1 |     7 |     7 ||    15
Armor: Scale mail        |    52 |    81 |    87 ||   220
       Ring mail         |       |       |    24 ||    24
Dodge: Dodged            |    33 |    47 |    72 ||   152
Block: Shield            |    55 |    89 |   144 ||   288
